 Dungeon Crawl Stone Soup version 0.29.1-1-gd02db6906a (webtiles) character file.

Game seed: 2851043114774699103

0 Zeld the Ruffian (level 1, 0/19 HPs)
             Began as an Ogre Transmuter on Oct 7, 2022.
             Slain by an orc
             ... wielding a +0 whip
              (6 damage)
             ... on level 2 of the Dungeon.
             The game lasted 00:00:26 (87 turns).

Zeld the Ruffian (Ogre Transmuter)                    Turns: 87, Time: 00:00:27

Health: 0/19       AC:  3    Str: 13    XL:     1   Next: 10%
Magic:  3/3        EV:  9    Int: 14    God:
Gold:   0          SH:  0    Dex:  9    Spells: 3/4 levels left

rFire   . . .      SeeInvis .     - Unarmed
rCold   . . .      Faith    .   (no shield)
rNeg    . . .      Spirit   .   a - +0 robe
rPois   .          Reflect  .   (helmet restricted)
rElec   .          Harm     .   (no cloak)
rCorr   .          Rampage  .   (gloves unavailable)
Will    .....                   (boots unavailable)
Stlth   +.........              (no amulet)
HPRegen 0.06/turn               (no ring)
MPRegen 0.08/turn               (no ring)

@: no status effects
A: large, unfitting armour, tough skin 1
a: no special abilities


You were on level 2 of the Dungeon.
You visited 1 branch of the dungeon, and saw 3 of its levels.

Inventory:

Armour
 a - a +0 robe (worn)
Scrolls
 c - a scroll of acquirement {unknown}
Potions
 b - a potion of lignification
 d - a potion of ambrosia {unknown}


   Skills:
 * Level 1.4 Fighting
 + Level 1.7 Dodging
 + Level 2.6 Unarmed Combat
 * Level 2.4 Spellcasting
 + Level 1.7 Transmutations


You had 3 spell levels left.
You knew the following spells:

 Your Spells              Type           Power      Damage    Failure   Level
a - Beastly Appendage     Tmut           12%        N/A       11%         1

Your spell library contained the following spells:

 Spells                   Type           Power      Damage    Failure   Level
 Wereblood                Tmut           6%         N/A       17%         2
 Spider Form              Tmut/Pois      4%         N/A       43%         3
 Ice Form                 Ice/Tmut       4%         N/A       85%         4


Dungeon Overview and Level Annotations

Branches:
Dungeon (3/15)

Altars:

Shops:
D:1 !

Annotations:
D:3 Ijyb


Innate Abilities, Weirdness & Mutations

You are too large for most types of armour.
You have tough skin. (AC +1)


Message History

The bat barely misses you. The kobold attacks as you move away!
The kobold hits you with a +0 dagger.
Your transformation is almost over.
The bat hits you but does no damage. The bat hits you but does no damage.
The bat hits you but does no damage. The bat attacks as you move away!
The bat hits you but does no damage. The bat closely misses you.
The bat attacks as you move away! The bat closely misses you. The bat hits you.
The bat barely misses you. The bat closely misses you.
The bat barely misses you. The bat barely misses you. The bat misses you.
The bat attacks as you move away! The bat hits you. The bat misses you.
Your horns disappear.
Your talons disappear.
The bat hits you. The bat barely misses you.
The bat hits you but does no damage. The bat attacks as you move away!
The bat hits you but does no damage. x2
The bat attacks as you move away! The bat closely misses you. x2
The bat closely misses you. The bat hits you. The bat hits you.
There is a stone staircase leading down here.
The bat hits you.
You climb downwards.
The hobgoblin shouts!
The kobold shouts!
The orc shouts!
Found a scroll labelled BYICOSH KEDEECEI and a lumpy amethyst potion.
Found a stone staircase leading down.
There is a stone staircase leading up here.
You are too injured to fight recklessly!
There is a stone staircase leading down here.
Magic restored.
You climb downwards.
Ijyb shouts!
The orc shouts!
Found a scroll labelled QESULAN JUCLOY.
There is a stone staircase leading up here.
You climb upwards.
The hobgoblin hits you.
There is a stone staircase leading down here.
The orc hits you with a +0 whip.
You die...

#. #. .. ######.
....... #####
.......#####...#
....?..<..K..!.#
.......#####og.#
....... ##@##
...##.g #.# ##
#.. #.# ... #.#
##.# #.# #. #.#
#.# ...


You could see an orc, a hobgoblin and a kobold.

Vanquished Creatures
  A rat (D:1)
1 creature vanquished.

Notes
Turn   | Place    | Note
-------+----------+-------------------------------------------
     0 | D:1      | Zeld the Ogre Transmuter began the quest for the Orb.
     0 | D:1      | Reached XP level 1. HP: 19/19 MP: 3/3
    30 | D:1      | Found a faded altar of an unknown god.
    45 | D:1      | Found Ytops's Distillery.
    84 | D:3      | Noticed Ijyb
    87 | D:2      | Slain by an orc

Illustrated notes

Levels and vault maps discovered:
D:1:      minmay_arrival_diagonal_passages, layout_rooms, serial_shops, shop,
          shop, nicolae_shop_waterfront, shop, shop_fountains,
          shapermc_ecumenical_altar_totnotflames, corexii_hall_statues_x,
          minmay_hedge_maze, st_stairs_2
D:2:      layout_loops_ring, minmay_pentomino_q4
D:3:      layout_basic, guppyfry_early_lair_pool, uniq_natasha, uniq_ijyb

Action                   || total
-------------------------++-------
Melee: Unarmed           ||     9
       Headbutt          ||     1
 Cast: Beastly Appendage ||     4
Armor: Robe              ||    13
Dodge: Dodged            ||    22
